 Seeded DCSS version 0.30-a0-377-g5cb311bc9f (webtiles) character file.

Game seed: 12882034922843276435 (custom seed)

405596 purpskrrrp the Swordmaster (level 22, -1/220 HPs)
             Began as a Minotaur Monk on Nov 28, 2022.
             Was the Champion of Cheibriados.
             Killed from afar by a frost giant (22 damage)
             ... with a bolt of cold
             ... on level 4 of the Vaults.
             The game lasted 01:52:38 (57899 turns).

purpskrrrp the Swordmaster (Minotaur Monk)         Turns: 57899, Time: 01:52:39

Health: -1/220     AC: 26    Str: 40    XL:     22   Next: 36%
Magic:  25/30      EV: 31    Int: 21    God:    Cheibriados [******]
Gold:   2599       SH: 16    Dex: 50    Spells: 21/21 levels left

rFire   x . .      SeeInvis .    v - +7 Singing Sword {vorpal, sonic wave}
rCold   + . .      Faith    .    W - +2 buckler {AC+3}
rNeg    . . .      Spirit   .    V - +3 swamp dragon scales of the Morning Star {rPois rC+ Str+4 Int+4}
rPois   +          Reflect  .    (helmet restricted)
rElec   .          Harm     .    j - scarf {shadows}
rCorr   .          Rampage  .    P - +2 pair of gloves {infuse}
Will    ++...                    R - +2 pair of boots {Stlth+}
Stlth   ++++......               (no amulet)
HPRegen 0.56/turn                L - ring "Xapsaram" {rPois Will+ Int-4 Dex+9}
MPRegen 0.22/turn                y - +6 ring of dexterity

@: studying Hexes, invisible (expiring), very slow
A: horns 2, retaliatory headbutt, clumsy 1, sense surroundings 1, strong 1, heat
vulnerability 1, MP-powered wands
}: 2/15 runes: barnacled, gossamer
a: Renounce Religion, Bend Time, Temporal Distortion, Slouch, Step From Time


You were on level 4 of the Vaults.
You worshipped Cheibriados.
Cheibriados was exalted by your worship.
You visited 7 branches of the dungeon, and saw 38 of its levels.
You visited the Abyss 1 time.
You also visited: Ossuary, Bailey, Gauntlet and Ice Cave.

You collected 5152 gold pieces.
You spent 2553 gold pieces at shops.

Inventory:

Hand Weapons
 e - a +8 double sword of electrocution
 v - the +7 Singing Sword (weapon) {vorpal, sonic wave}
   (You found it on level 4 of the Shoals)

   It inflicts extra damage upon your enemies.
   It radiates damaging sonic waves as it strikes, especially in combat
   involving dangerous or numerous foes.
 E - a +3 sacred scourge of holy wrath
 O - a +0 triple sword of freezing
Missiles
 B - 10 throwing nets
Armour
 j - a scarf of shadows (worn)
 q - a +0 pair of boots
 P - a +2 pair of gloves of infusion (worn)
 R - a +2 pair of boots of stealth (worn)
 V - the +3 swamp dragon scales of the Morning Star (worn) {rPois rC+ Str+4 Int+4}
   (You took it off a minotaur in a Gauntlet)

   Str:       It affects your strength (+4).
   Int:       It affects your intelligence (+4).
   rC:        It protects you from cold.
   rPois:     It protects you from poison.
 W - a +2 buckler of protection (worn)
Jewellery
 b - the ring "Fookiz" {rPois rC++ Will+ Str-5 Dex+6}
   (You took it off a deep elf death mage on level 3 of the Elven Halls)

   [ring of dexterity]

   Str:       It affects your strength (-5).
   Dex:       It affects your dexterity (+6).
   rC:        It greatly protects you from cold.
   rPois:     It protects you from poison.
   Will:      It increases your willpower.
 i - a +6 ring of dexterity
 k - a ring of resist corrosion
 u - the ring "Vuantoy" {rElec Str+6 Dex-4 SInv}
   (You took it off a merfolk siren on level 4 of the Shoals)

   [ring of strength]

   Str:       It affects your strength (+6).
   Dex:       It affects your dexterity (-4).
   rElec:     It insulates you from electricity.
   SInv:      It lets you see invisible.
 y - a +6 ring of dexterity (right hand)
 L - the ring "Xapsaram" (left hand) {rPois Will+ Int-4 Dex+9}
   (You bought it in a shop on level 1 of the Elven Halls)

   [ring of poison resistance]

   Int:       It affects your intelligence (-4).
   Dex:       It affects your dexterity (+9).
   rPois:     It protects you from poison.
   Will:      It increases your willpower.
 Q - the amulet of Departure {Faith MP+9 Dex-2 Slay+3 Stlth+}
   (You took it off a deep elf death mage on level 3 of the Elven Halls)

   [amulet of faith]

   It allows you to gain divine favour quickly.
   Dex:       It affects your dexterity (-2).
   Slay:      It affects your accuracy & damage with ranged weapons and melee
   (+3).
   MP:        It affects your magic capacity (+9).
   Stlth:     It makes you more stealthy.
 T - the ring of Ucumaet {Fly rElec rCorr Str-5 Int-3}
   (You found it in a Gauntlet)

   [ring of flight]

   Str:       It affects your strength (-5).
   Int:       It affects your intelligence (-3).
   rElec:     It insulates you from electricity.
   Fly:       It grants you flight.
   rCorr:     It protects you from acid and corrosion.
 Y - the amulet of the Caustic God {Faith rElec rN+ Will+}
   (You took it off a deep elf annihilator on level 3 of the Elven Halls)

   [amulet of faith]

   It allows you to gain divine favour quickly.
   rElec:     It insulates you from electricity.
   rN:        It protects you from negative energy.
   Will:      It increases your willpower.
Wands
 m - a wand of acid (17)
 n - a wand of paralysis (28)
 s - a wand of flame (96)
 t - a wand of iceblast (35)
 A - a wand of polymorph (28)
 I - a wand of mindburst (23)
Scrolls
 a - 5 scrolls of poison
 d - 2 scrolls of silence
 h - 4 scrolls of butterflies
 l - a scroll of fear
 w - a scroll of enchant weapon
 G - 16 scrolls of teleportation
 J - 6 scrolls of amnesia
 K - 29 scrolls of identify
 M - 11 scrolls of magic mapping
Potions
 c - 9 potions of ambrosia
 f - 8 potions of invisibility
 g - 4 potions of might
 o - 6 potions of brilliance
 r - 11 potions of curing
 x - 4 potions of cancellation
 z - 5 potions of flight
 C - a potion of berserk rage
 D - a potion of heal wounds
 F - a potion of resistance
 H - 5 potions of mutation
 N - a potion of magic
Miscellaneous
 p - a condenser vane


   Skills:
 + Level 23.5 Fighting
 O Level 27 Long Blades
 + Level 19.5 Armour
 - Level 10.6 Dodging
 - Level 1.5 Stealth
 + Level 21.1 Shields
 - Level 12.6 Invocations


You had 21 spell levels left.
You didn't know any spells.
Your spell library contained the following spells:

 Spells                   Type           Power      Damage    Failure   Level
 Apportation              Tloc           0%         N/A       22%         1
 Beastly Appendage        Tmut           0%         N/A       22%         1
 Foxfire                  Conj/Fire      0%         2x1d4     22%         1
 Freeze                   Ice            0%         1d3       22%         1
 Kiss of Death            Conj/Necr      0%         2d5       22%         1
 Magic Dart               Conj           0%         1d3       22%         1
 Sting                    Tmut/Pois      0%         1d3       22%         1
 Blink                    Tloc           0%         N/A       32%         2
 Call Imp                 Summ           0%         N/A       32%         2
 Cigotuvi's Dreadful Rot  Necr/Pois/Air  0%         N/A       32%         2
 Momentum Strike          Conj/Tloc      0%         3d8       32%         2
 Poisonous Vapours        Pois/Air       0%         N/A       32%         2
 Searing Ray              Conj           0%         2d4       32%         2
 Sublimation of Blood     Necr           0%         N/A       32%         2
 Wereblood                Tmut           0%         N/A       32%         2
 Call Canine Familiar     Summ           0%         N/A       54%         3
 Dazzling Flash           Conj/Hex       0%         N/A       54%         3
 Frozen Ramparts          Ice            0%         1d1       54%         3
 Gell's Gravitas          Tloc           0%         N/A       54%         3
 Hailstorm                Conj/Ice       0%         3d3       54%         3
 Ignite Poison            Fire/Tmut/Pois 0%         N/A       54%         3
 Inner Flame              Hex/Fire       0%         N/A       54%         3
 Kindle Blastsparks       Fire/Tloc/Air  0%         2d10      54%         3
 Lesser Beckoning         Tloc           0%         N/A       54%         3
 Mephitic Cloud           Conj/Pois/Air  0%         N/A       54%         3
 Portal Projectile        Hex/Tloc       0%         N/A       54%         3
 Spider Form              Tmut/Pois      0%         N/A       54%         3
 Teleport Other           Tloc           0%         N/A       54%         3
 Animate Armour           Summ/Erth      0%         N/A       91%         4
 Cause Fear               Hex            0%         N/A       91%         4
 Dispel Undead            Necr           0%         3d6       91%         4
 Flame Wave               Conj/Fire      0%         2d4       91%         4
 Fulminant Prism          Conj/Hex       0%         3d5       91%         4
 Ice Form                 Ice/Tmut       0%         N/A       91%         4
 Iskenderun's Mystic Bla  Conj/Tloc      0%         2d3       91%         4
 Leda's Liquefaction      Hex/Erth       0%         N/A       91%         4
 Manifold Assault         Tloc           0%         N/A       91%         4
 Olgreb's Toxic Radiance  Pois           0%         N/A       91%         4
 Sticky Flame             Conj/Fire      0%         2d3       91%         4
 Summon Ice Beast         Ice/Summ       0%         N/A       91%         4
 Agony                    Necr           0%         N/A       99%         5
 Alistair's Intoxication  Tmut/Pois      0%         N/A       99%         5
 Blade Hands              Tmut           0%         N/A       99%         5
 Borgnjor's Vile Clutch   Necr/Erth      0%         N/A       99%         5
 Fireball                 Conj/Fire      0%         3d3       99%         5
 Freezing Cloud           Conj/Ice/Air   0%         6-21      99%         5
 Irradiate                Conj/Tmut      0%         3d11      99%         5
 Iskenderun's Battlesphe  Conj           0%         2d6       99%         5
 Lee's Rapid Deconstruct  Erth           0%         3d4*      99%         5
 Silence                  Hex/Air        0%         N/A       99%         5
 Summon Mana Viper        Hex/Summ       0%         N/A       99%         5
 Conjure Ball Lightning   Conj/Air       0%         3x3d6     100%        6
 Death Channel            Necr           0%         N/A       100%        6
 Dispersal                Tloc           0%         N/A       100%        6
 Iron Shot                Conj/Erth      0%         9d1       100%        6
 Starburst                Conj/Fire      0%         6d3       100%        6
 Statue Form              Tmut/Erth      0%         N/A       100%        6
 Dragon Form              Tmut           0%         N/A       100%        7
 Malign Gateway           Summ/Tloc      0%         N/A       100%        7
 Monstrous Menagerie      Summ           0%         N/A       100%        7
 Spellforged Servitor     Conj/Summ      0%         N/A       100%        7
 Summon Hydra             Summ           0%         N/A       100%        7
 Borgnjor's Revivificati  Necr           0%         N/A       100%        8
 Discord                  Hex            0%         N/A       100%        8
 Disjunction              Tloc           0%         N/A       100%        8
 Ignition                 Fire           0%         3d3       100%        8
 Necromutation            Tmut/Necr      0%         N/A       100%        8
 Summon Horrible Things   Summ           0%         N/A       100%        8
 Death's Door             Necr           0%         N/A       100%        9


Dungeon Overview and Level Annotations

Branches:
Dungeon (15/15)            Temple (0/1) D:5            Lair (5/5) D:9
 Shoals (4/4) Lair:2       Spider (4/4) Lair:2        Slime (0/5) Lair:4
    Orc (2/2) D:9             Elf (3/3) Orc:2        Vaults (5/5) D:14
  Crypt (0/3) Vaults:2     Depths (0/4) D:15        Ossuary (visited)
 Bailey (visited)           IceCv (visited)         Gauntlet (visited)

Altars:
Ashenzari
Cheibriados
Dithmenos
Elyvilon
Gozag
Kikubaaqudgha
Nemelex Xobeh
Okawaru
Qazlal
Sif Muna
Trog
Uskayaw
Vehumet
Wu Jian
Xom
Yredelemnul
Zin
The Shining One
Lugonu

Shops:
D:4 [   D:11 (   D:12 (   Orc:2 [?[=   Elf:1 :=:   Elf:2 !   Vaults:3 *:[

Portals:
Abyss: Lair:3 Lair:5
Trove: D:11 (give 2 scrolls of acquirement)

Annotations:
D:7 1 transporter


Innate Abilities, Weirdness & Mutations

You have a pair of horns on your head.
You reflexively headbutt those who attack you in melee.
You are clumsy. (Dex -2)
You passively map a small area around you.
Your muscles are strong. (Str +4, Int/Dex -1)
You are vulnerable to heat. (rF-)
You expend magic power (3 MP) to strengthen your wands.


Message History

The orc knight roars a battlecry!
The orc knight goes into a battle-frenzy!
You block the orc knight's attack. The frost giant closely misses you.
You furiously retaliate!
You headbutt the frost giant, but do no damage.
The titan hits you. You block the vault guard's attack.
The vault guard hits you from afar with a +3 glaive of venom!
The golden dragon completely misses you.
The golden dragon misses you. You block the golden dragon's attack.
You climb upwards.
There is a stone staircase leading down, spattered with blood here.
You see here a +3 vorpal morningstar.
You barely miss the golden dragon. You headbutt the golden dragon!
The golden dragon is heavily wounded.
You flicker for a moment.
The iron dragon bites you but does no damage.
You block the iron dragon's attack. The iron dragon tramples you.
You stumble backwards!
The titan hits you!
* * * LOW HITPOINT WARNING * * *
The golden dragon breathes cold at you.
The bolt of cold hits the frost giant!
The frost giant resists.
The bolt of cold hits you! You resist.
* * * LOW HITPOINT WARNING * * *
The frost giant hits you with a +2 battleaxe of freezing!!
* * * LOW HITPOINT WARNING * * *
The frost giant freezes you.
* * * LOW HITPOINT WARNING * * *
You slash the titan!
The Singing Sword launches into a song on the glory of death.
You send a blast of sound all around you.
The iron dragon is heavily wounded.
The titan is severely wounded.
You kill the orc knight!
Cheibriados thoroughly appreciates the change of pace.
The golden dragon is severely wounded.
The titan is severely wounded.
You slash the titan! You headbutt the titan.
The titan is almost dead.
The frost giant points at you and mumbles some strange words.
The bolt of cold hits you!! You resist.
You die...

#......'....##.......#
########....########## ######
#....# #..... #....#############
#..... ########....#...........#
#..... .......#....#...........#
#..... ...#...#....#...........#
#..... .......#....#...........#
#..... .#...#.#....#..[@C[.....#
###### .......#....#...CD).....#
...#...#....#...[D...[..#
....[).#....#.[[.....(..#
#####[##....###########'#########
....[..†......[..................
.................................
.................................
...............(.................


You could see an iron dragon, a titan, a golden dragon (catching breath) and a
frost giant.

Vanquished Creatures
  Mennas (Vaults:3)
  Margery (Vaults:4)
  Boris (Vaults:3)
  Saint Roka (Orc:2)
  Nikola (Vaults:3)
  Arachne (Spider:2)
  The ghost of Waiwil the End of an Era, an adept DsFi of Qazlal (Elf:2)
  The ghost of mhtbhm the Metallomancer, an adept GrEE of Vehumet (Spider:3)
  The ghost of Zicym the Severer, an adept MeFi of Ashenzari (Spider:1)
  A lich (Vaults:2)
  2 deep elf blademasters (Elf:3)
  2 deep elf master archers (Elf:3)
  Gastronok (D:12)
  A kraken (Shoals:2)
  Polyphemus (Shoals:2)
  4 sphinxes
  Frances (D:12)
  2 tengu reavers
  2 storm dragons (Vaults:4)
  Kirke (D:13)
  Donald (Spider:1)
  Roxanne (Shoals:1)
  A fenstrider witch (Abyss:2)
  2 frost giants (IceCv)
  Aizul (Shoals:1)
  5 deep elf sorcerers
  Louise (D:15)
  7 vault wardens
  10 emperor scorpions
  7 ghost moths
  4 deep elf elementalists (Elf:3)
  An orc warlord (Vaults:2)
  5 war gargoyles
  5 very ugly things (Vaults:4)
  9 ironbound preservers
  3 stone giants
  3 broodmothers
  2 eleionomae (Shoals:2)
  2 ironbound thunderhulks (Vaults:2)
  A stone giant (shapeshifter) (Lair:3)
  A starflower (Abyss:2)
  The ghost of avis the Skirmisher, a journeyman DgIE (Lair:5)
  7 deep elf annihilators
  5 deep elf demonologists (Elf:3)
  3 spark wasps
  A minotaur (Gauntlet)
  10 dire elephants
  A white draconian (IceCv)
  2 crystal guardians (Vaults:4)
  The ghost of bande the Cleaver, a journeyman GrFi of Okawaru (Lair:4)
  8 deep elf death magi (Elf:3)
  2 ettins
  Snorg (Lair:5)
  Josephine (D:13)
  A green death (Gauntlet)
  3 merfolk javelineers (Shoals:4)
  8 entropy weavers
  9 yaktaur captains
  11 merfolk impalers
  2 deep elf high priests (Elf:3)
  An ice dragon (IceCv)
  20 vault guards
  4 peacekeepers
  6 great orbs of eyes
  3 hydras
  5 merfolk avatars
  7 boulder beetles
  A jorogumo (Spider:4)
  A rakshasa (Lair:3)
  Erica (Lair:1)
  16 centaur warriors
  2 alligator snapping turtles
  18 ironbound frosthearts
  3 catoblepae
  7 merfolk aquamancers
  A radroach (Spider:1)
  2 ogre magi (Orc:2)
  6 two-headed ogres
  A hell hog (Lair:3)
  34 dancing weapons
  7 satyrs
  12 death yaks
  6 tengu warriors
  Urug (D:13)
  3 thrashing horrors (Lair:5)
  2 orc high priests
  5 hell knights (Vaults:4)
  16 deep elf knights
  A sun demon (Vaults:3)
  Amaemon (Lair:2)
  8 pharaoh ants
  13 orb spiders
  5 skeletal warriors (D:15)
  4 steelbarb worms
  A wretched star (Lair:3)
  26 deep trolls
  10 lindwurms
  2 fire crabs
  13 sea snakes
  An orange crystal statue (IceCv)
  7 wizards
  9 deep elf archers
  8 orc knights
  14 ironbound convokers
  3 necromancers
  31 deep elf pyromancers
  12 harpies
  10 orc sorcerers
  23 wolf spiders
  24 deep elf zephyrmancers
  An oklob plant (Lair:4)
  17 manticores
  36 ugly things
  7 cyclopes
  2 large abominations (Lair:5)
  48 fauns
  A moth of wrath (Spider:1)
  2 worldbinders
  21 elephants
  3 merfolk sirens
  8 vault sentinels
  Joseph (D:8)
  4 black mambas
  3 smoke demons (Lair:5)
  9 torpor snails
  10 water nymphs
  An eye of devastation (shapeshifter) (Elf:3)
  A molten gargoyle (D:12)
  An ice statue (Lair:3)
  2 gargoyles
  15 rime drakes
  11 cane toads
  An unseen horror (D:12)
  A freezing wraith (D:15)
  An efreet (D:15)
  An orange demon (Lair:2)
  10 demonic crawlers
  A kobold demonologist (D:11)
  27 yaktaurs
  6 komodo dragons
  2 tengu conjurers
  An ice devil (Lair:3)
  35 merfolk
  A red devil (Lair:3)
  3 ancient zymes (Lair:5)
  7 meliai
  5 wind drakes
  A meliai (shapeshifter) (D:14)
  2 queen bees
  15 slime creatures
  12 trolls
  A wind drake (shapeshifter) (D:15)
  5 hornets
  26 polar bears
  11 blink frogs (Lair:5)
  3 dream sheep (Shoals:2)
  34 tarantellas
  7 snapping turtles
  A jumping spider (shapeshifter) (Lair:5)
  A spriggan (shapeshifter) (D:14)
  2 air elementals
  32 jumping spiders
  4 spriggans
  18 culicivoras
  2 shadows
  3 wyverns
  A ynoxinul (Lair:5)
  3 hogs (D:13)
  23 water elementals
  9 wraiths
  2 fire bats (Shoals:3)
  70 yaks
  11 basilisks
  8 vampire mosquitoes
  60 redbacks
  Menkaure (D:4)
  2 chaos spawn (Lair:5)
  6 wargs
  An acid dragon (D:12)
  16 water moccasins
  26 orc warriors
  3 ice beasts
  12 ogres
  2 black bears
  7 boggarts
  2 wolves (D:9)
  2 phantoms
  11 small abominations (Lair:5)
  8 centaurs
  16 bullfrogs
  2 earth elementals
  2 necrophages
  2 gnoll sergeants
  3 scorpions
  10 wights
  14 killer bees
  2 howler monkeys
  7 electric eels
  A lava snake (D:12)
  Crazy Yiuf (D:5)
  3 hounds
  A jelly (D:4)
  An iguana (D:6)
  8 orc priests
  A gnoll bouda (D:4)
  31 orc wizards
  A mummy (Ossuary)
  22 gnolls
  17 adders
  5 white imps
  2 ufetubi
  A worm (D:3)
  3 dart slugs
  98 orcs
  5 ball pythons
  7 bats
  6 endoplasms
  A giant cockroach (D:2)
  11 goblins
  12 hobgoblins
  3 jackals (D:2)
  2 quokkas
  5 frilled lizards
  3 gnoll skeletons (Ossuary)
  11 kobolds
  8 kobold skeletons (Ossuary)
  13 orc skeletons (Ossuary)
  6 rats
  A fire vortex (D:12)
  3 tentacles (Shoals:2)
1716 creatures vanquished.

Vanquished Creatures (collateral kills)
  2 vault wardens (Vaults:2)
  2 yaktaur captains (Vaults:2)
  2 merfolk aquamancers (Shoals:1)
  2 ironbound convokers (Vaults:2)
  A yaktaur (Vaults:2)
9 creatures vanquished.

Vanquished Creatures (others)
  A merfolk impaler (Shoals:3)
  The ghost of Esso the Destroyer, a journeyman HuWn of Ru (Lair:3)
  An ironbound convoker (Vaults:3)
  A deep elf zephyrmancer (Elf:1)
  A water nymph (Shoals:3)
  2 humans (D:13)
  3 orc wizards
  An orc (Orc:2)
  4 demonic plants (Gauntlet)
  59 fungi
  A lurking horror (Abyss:2)
  369 plants
  4 tentacles (Shoals:2)
448 creatures vanquished.

Grand Total: 2173 creatures vanquished

Notes
Turn   | Place    | Note
-------+----------+-------------------------------------------
     0 | D:1      | purpskrrrp the Minotaur Monk began the quest for the Orb.
     0 | D:1      | Reached XP level 1. HP: 19/19 MP: 0/0
   273 | D:1      | Reached skill level 4 in Long Blades
   323 | D:1      | Reached XP level 2. HP: 26/27 MP: 1/1
  1111 | D:2      | Reached XP level 3. HP: 30/33 MP: 2/2
  1322 | D:2      | Reached skill level 5 in Long Blades
  1322 | D:2      | Reached XP level 4. HP: 26/40 MP: 3/3
  2029 | D:3      | Found a faded altar of an unknown god.
  2435 | D:3      | Found a shadowy altar of Dithmenos.
  2952 | D:4      | Noticed a scorpion
  2970 | D:4      | Reached XP level 5. HP: 15/47 MP: 4/4
  3051 | D:4      | Reached skill level 6 in Long Blades
  3146 | D:4      | Found a shimmering blue altar of Sif Muna.
  3169 | D:4      | Identified the +2 long sword of Entrepreneurial Spirit
                  | {vorpal, Str+2}
  3183 | D:4      | Noticed Menkaure
  3190 | D:4      | Killed Menkaure
  3191 | D:4      | Reached skill level 5 in Fighting
  3191 | D:4      | Reached XP level 6. HP: 26/56 MP: 5/5
  3325 | D:4      | Reached skill level 7 in Long Blades
  3325 | D:4      | Reached skill level 5 in Dodging
  3342 | D:4      | Found an ornate altar of the Wu Jian Council.
  3376 | D:4      | Found a sand-covered staircase.
  3384 | Ossuary  | Entered an ossuary
  3384 | Ossuary  | Noticed a wraith
  3384 | Ossuary  | Noticed a wraith
  3504 | Ossuary  | Noticed a wraith
  3529 | Ossuary  | Killed a wraith
  3530 | Ossuary  | Reached XP level 7. HP: 62/62 MP: 6/6
  4063 | D:4      | Found Yforosur's Antique Armour Shop.
  4070 | D:4      | Bought a dazzling scale mail for 270 gold pieces
  4070 | D:4      | Identified the +4 scale mail of Dishonesty {rElec rC+
                  | Slay+3} (You bought it in a shop on level 4 of the Dungeon)
  4307 | D:4      | Reached skill level 8 in Long Blades
  4308 | D:4      | Got Sif Muna's Treatise on Concussion
  4384 | D:4      | Reached skill level 1 in Armour
  4451 | D:5      | Entered Level 5 of the Dungeon
  4562 | D:5      | Found a basalt altar of Yredelemnul.
  4761 | D:5      | Found a runed translucent door.
  4762 | D:5      | Noticed Crazy Yiuf
  4881 | D:5      | Found a snail-covered altar of Cheibriados.
  4884 | D:5      | Reached XP level 8. HP: 71/71 MP: 7/7
  5032 | D:5      | Found a staircase to the Ecumenical Temple.
  5120 | D:5      | Became a worshipper of Cheibriados the Contemplative
  5120 | D:5      | Reached * piety under Cheibriados
  5120 | D:5      | Reached ** piety under Cheibriados
  5324 | D:5      | Killed Crazy Yiuf
  5450 | D:6      | Reached skill level 9 in Long Blades
  5827 | D:6      | Found a radiant altar of Vehumet.
  5830 | D:6      | Found a glowing golden altar of the Shining One.
  5831 | D:6      | Found an iron altar of Okawaru.
  5844 | D:6      | Found a white marble altar of Elyvilon.
  5847 | D:6      | Found an opulent altar of Gozag.
  5897 | D:6      | Identified the +0 pair of gloves "Dimairre" {Regen+ Str+2
                  | Int+2 Dex+3}
  6449 | D:7      | Reached skill level 10 in Long Blades
  6585 | D:7      | Reached XP level 9. HP: 75/79 MP: 8/8
  6765 | D:7      | Found a sparkling altar of Nemelex Xobeh.
  6765 | D:7      | Noticed a white ugly thing
  6766 | D:7      | Found a transporter.
  7184 | D:7      | Gained mutation: Your mind is acute. (Int +4, Str/Dex -1)
                  | [potion of mutation]
  7184 | D:7      | Gained mutation: You are occasionally teleported next to
                  | monsters. [potion of mutation]
  7185 | D:7      | Lost mutation: You are occasionally teleported next to
                  | monsters. [potion of mutation]
  7185 | D:7      | Lost mutation: Your mind is acute. (Int +4, Str/Dex -1)
                  | [potion of mutation]
  7185 | D:7      | Gained mutation: You are weak. (Str -2) [potion of
                  | mutation]
  7185 | D:7      | Gained mutation: You have a pair of large horns on your
                  | head. [potion of mutation]
  7185 | D:7      | Gained mutation: You are frail. (-10% HP) [potion of
                  | mutation]
  7334 | D:8      | Reached skill level 5 in Armour
  7936 | D:8      | Reached *** piety under Cheibriados
  7968 | D:8      | Reached skill level 11 in Long Blades
  7992 | D:8      | Noticed Joseph
  7994 | D:8      | Noticed a two-headed ogre
  8126 | D:7      | Identified 2 scrolls of acquirement
  8126 | D:7      | Acquired a +4 great sword of holy wrath
  8134 | D:7      | Acquired a +5 double sword of electrocution
  8308 | D:8      | Killed Joseph
  8500 | D:8      | Killed a two-headed ogre
  8696 | D:9      | Noticed a troll
  8703 | D:9      | Killed a troll
  8704 | D:9      | Reached XP level 10. HP: 55/81 MP: 9/9
  8810 | D:9      | Reached skill level 12 in Long Blades
  8947 | D:9      | Found a glowing silver altar of Zin.
  8947 | D:9      | Noticed an angel
  9004 | D:9      | Found a staircase to the Orcish Mines.
  9020 | D:9      | Reached **** piety under Cheibriados
  9379 | D:9      | Noticed a centaur warrior
  9391 | D:9      | Killed a centaur warrior
  9569 | D:9      | Found a staircase to the Lair.
  9587 | D:9      | Noticed a white ugly thing
  9594 | D:9      | Killed a white ugly thing
  9595 | D:9      | Reached skill level 13 in Long Blades
  9841 | D:9      | Found a bloodstained altar of Trog.
  9917 | D:10     | Entered Level 10 of the Dungeon
  9980 | D:10     | Reached skill level 10 in Fighting
 10011 | D:10     | Reached XP level 11. HP: 41/89 MP: 10/10
 10052 | D:10     | Found a flagged portal.
 10064 | Bailey   | Entered a bailey
 10133 | Bailey   | Identified the ring "Wecliduq" {Fly Int+6}
 10404 | D:10     | Found a hide-covered altar of Uskayaw.
 10405 | D:10     | Found a stormy altar of Qazlal.
 10581 | D:10     | Found a broken altar of Ashenzari.
 11029 | D:11     | Reached ***** piety under Cheibriados
 11036 | D:11     | Reached skill level 14 in Long Blades
 11070 | D:11     | Noticed a deep elf pyromancer
 11075 | D:11     | Killed a deep elf pyromancer
 11100 | D:11     | Noticed a white ugly thing
 11109 | D:11     | Killed a white ugly thing
 11187 | D:11     | Found a portal to a secret trove of treasure.
 11259 | D:11     | Noticed a two-headed ogre
 11264 | D:11     | Killed a two-headed ogre
 11575 | D:11     | Noticed a two-headed ogre
 11576 | D:11     | Found Ecicubboo's Hydra Hut.
 11581 | D:11     | Killed a two-headed ogre
 11582 | D:11     | Reached skill level 10 in Dodging
 11663 | D:11     | Noticed a four-headed hydra
 11772 | D:11     | Reached skill level 15 in Long Blades
 11814 | D:11     | Identified the +2 robe of Rationality {rPois rF- rC+
                  | Stlth+}
 11939 | D:12     | Noticed a two-headed ogre
 11941 | D:12     | Noticed a boulder beetle
 11944 | D:12     | Killed a two-headed ogre
 11948 | D:12     | Killed a boulder beetle
 11949 | D:12     | Reached XP level 12. HP: 55/99 MP: 11/11
 12077 | D:12     | Noticed Gastronok
 12086 | D:12     | Killed Gastronok
 12185 | D:12     | Reached skill level 1 in Shields
 12192 | D:12     | Reached skill level 10 in Armour
 12332 | D:12     | Found Efoab's Weapon Emporium.
 12573 | D:12     | Noticed Frances
 12581 | D:12     | Killed Frances
 12582 | D:12     | Reached skill level 16 in Long Blades
 12708 | D:12     | Reached skill level 1 in Invocations
 13072 | D:13     | Noticed a centaur warrior
 13081 | D:13     | Killed a centaur warrior
 13129 | D:13     | Reached ****** piety under Cheibriados
 13182 | D:13     | Noticed a tengu warrior
 13188 | D:13     | Killed a tengu warrior
 13200 | D:13     | Noticed Kirke
 13224 | D:13     | Killed Kirke
 13250 | D:13     | Noticed a two-headed ogre
 13254 | D:13     | Killed a two-headed ogre
 13318 | D:13     | Noticed Josephine
 13323 | D:13     | Killed Josephine
 13331 | D:13     | Noticed Urug
 13339 | D:13     | Killed Urug
 13340 | D:13     | Reached XP level 13. HP: 30/107 MP: 15/15
 13558 | D:13     | Identified the +1 robe "Yfrudwe" {Harm rPois Dex-4 SInv}
 13799 | D:13     | Reached skill level 17 in Long Blades
 13969 | D:13     | Reached skill level 5 in Invocations
 14049 | D:13     | Reached skill level 5 in Shields
 14094 | D:13     | Found an ornate altar of the Wu Jian Council.
 14383 | D:14     | Found a frozen archway.
 14528 | IceCv    | Entered an ice cave
 14889 | IceCv    | Noticed a white draconian
 14893 | IceCv    | Killed a white draconian
 15045 | IceCv    | Noticed a frost giant
 15046 | IceCv    | Noticed a frost giant
 15073 | IceCv    | Killed a frost giant
 15078 | IceCv    | Killed a frost giant
 15082 | IceCv    | Reached skill level 18 in Long Blades
 15345 | IceCv    | Reached XP level 14. HP: 116/116 MP: 14/18
 15795 | D:14     | You are sucked into a shaft and drop 1 floor!
 15795 | D:15     | Entered Level 15 of the Dungeon
 16116 | D:15     | Noticed Louise
 16124 | D:15     | Killed Louise
 16759 | D:14     | Found a gate to the Vaults.
 17166 | D:15     | Reached skill level 19 in Long Blades
 17435 | D:15     | Found an opulent altar of Gozag.
 17486 | D:15     | Found a staircase to the Depths.
 17486 | D:15     | Noticed a stone giant
 17491 | D:15     | Killed a stone giant
 17847 | Lair:1   | Entered Level 1 of the Lair of Beasts
 17847 | Lair:1   | You are sucked into a shaft and drop 1 floor!
 17847 | Lair:2   | Found a gate leading to a gauntlet.
 17852 | Gauntlet | Entered a Gauntlet
 17852 | Gauntlet | Found a transporter.
 17863 | Gauntlet | Found a transporter.
 17876 | Gauntlet | Found a transporter.
 17881 | Gauntlet | Found a runed translucent door.
 17885 | Gauntlet | Found a transporter.
 17908 | Gauntlet | Found a transporter.
 17920 | Gauntlet | Found a transporter.
 17932 | Gauntlet | Found a transporter.
 17951 | Gauntlet | Found a transporter.
 17966 | Gauntlet | Found a transporter.
 17984 | Gauntlet | Found a transporter.
 18014 | Gauntlet | Found a transporter.
 18032 | Gauntlet | Found a transporter.
 18062 | Gauntlet | Found a runed translucent door.
 18070 | Gauntlet | Found a transporter.
 18249 | Gauntlet | Found a transporter.
 18309 | Gauntlet | Identified the ring of Ucumaet {Fly rElec rCorr Str-5
                  | Int-3}
 18345 | Gauntlet | Identified the +5 shortbow "Jebrel" {flame, rF+ rC+ rCorr}
 18345 | Gauntlet | Identified the +3 swamp dragon scales of the Morning Star
                  | {rPois rC+ Str+4 Int+4}
 18387 | Gauntlet | Identified the ring of Ruutwiyz {rF+ rN+ Int+2 Dex+4}
 19071 | Lair:2   | Noticed Amaemon
 19077 | Lair:2   | Killed Amaemon
 19081 | Lair:2   | Reached XP level 15. HP: 124/124 MP: 14/21
 19366 | Lair:2   | Found a hole to the Spider Nest.
 19382 | Lair:2   | Found a staircase to the Shoals.
 19733 | Lair:3   | Found a transporter.
 19759 | Lair:3   | Found a transporter.
 20030 | Lair:3   | Reached skill level 10 in Invocations
 20092 | Lair:4   | Found a transporter.
 20119 | Lair:4   | Found a transporter.
 20793 | Lair:1   | Noticed Erica
 20797 | Lair:1   | Killed Erica
 21113 | Lair:1   | Lost mutation: You are frail. (-10% HP) [potion of
                  | mutation]
 21113 | Lair:1   | Lost mutation: You are weak. (Str -2) [potion of mutation]
 21113 | Lair:1   | Lost mutation: You have a pair of large horns on your head.
                  | [potion of mutation]
 21113 | Lair:1   | Gained mutation: Your mind is acute. (Int +4, Str/Dex -1)
                  | [potion of mutation]
 21113 | Lair:1   | Gained mutation: You expend magic power (3 MP) to
                  | strengthen your wands. [potion of mutation]
 21113 | Lair:1   | Gained mutation: You are clumsy. (Dex -2) [potion of
                  | mutation]
 21113 | Lair:1   | Gained mutation: You have large cloven feet. [potion of
                  | mutation]
 21559 | Lair:2   | Lost mutation: Your mind is acute. (Int +4, Str/Dex -1)
                  | [potion of mutation]
 21559 | Lair:2   | Lost mutation: You have large cloven feet. [potion of
                  | mutation]
 21559 | Lair:2   | Gained mutation: Your muscles are strong. (Str +4, Int/Dex
                  | -1) [potion of mutation]
 21559 | Lair:2   | Gained mutation: You passively map a small area around you.
                  | [potion of mutation]
 22037 | Lair:4   | Found a staircase to the Slime Pits.
 22304 | Lair:4   | Reached skill level 20 in Long Blades
 22615 | Lair:4   | Noticed bande's ghost (journeyman GrFi)
 23107 | Lair:4   | Killed bande's ghost
 23268 | Lair:5   | Entered Level 5 of the Lair of Beasts
 23595 | Lair:5   | Found a runed translucent gate.
 23595 | Lair:5   | Found a runed translucent gate.
 23595 | Lair:5   | Found a runed translucent gate.
 23608 | Lair:5   | Noticed avis's ghost (journeyman DgIE)
 23621 | Lair:5   | Reached skill level 10 in Shields
 23630 | Lair:5   | Reached skill level 15 in Fighting
 24565 | Lair:5   | Reached XP level 16. HP: 122/149 MP: 17/23
 24817 | Lair:5   | Found a corrupted altar of Lugonu.
 24817 | Lair:5   | Found a one-way gate to the infinite horrors of the Abyss.
 25153 | Lair:5   | Noticed Snorg
 25157 | Lair:5   | Killed Snorg
 25331 | Lair:5   | Killed avis's ghost
 25354 | Lair:5   | Reached skill level 21 in Long Blades
 25697 | Lair:3   | Noticed Esso's ghost (journeyman HuWn)
 25700 | Lair:3   | Killed Esso's ghost
 25821 | Lair:3   | Identified the +2 cloak "Siwkul" {Str+5}
 26173 | Orc:1    | Entered Level 1 of the Orcish Mines
 26277 | Orc:2    | Entered Level 2 of the Orcish Mines
 26337 | Orc:2    | Noticed Saint Roka
 26544 | Orc:2    | Killed Saint Roka
 27046 | Orc:2    | Found a staircase to the Elven Halls.
 27237 | Orc:2    | Found Goyra's Jewellery Shoppe.
 27305 | Orc:2    | Found an ancient bone altar of Kikubaaqudgha.
 27388 | Orc:2    | Found a radiant altar of Vehumet.
 27455 | Orc:2    | Found Poyki's Magic Scroll Emporium.
 27462 | Orc:2    | Bought a scroll of enchant armour for 112 gold pieces
 27462 | Orc:2    | Bought a scroll of blinking for 112 gold pieces
 27462 | Orc:2    | Bought a scroll of teleportation for 45 gold pieces
 27545 | Orc:2    | Found Qucvoid's Antique Armour Shoppe.
 27552 | Orc:2    | Found Qafumuy's Antique Armour Shoppe.
 28424 | Shoals:1 | Entered Level 1 of the Shoals
 28573 | Shoals:1 | Identified Roxanne's Guide on Forms
 28573 | Shoals:1 | Noticed Roxanne
 28597 | Shoals:1 | Killed Roxanne
 29053 | Shoals:1 | Noticed Aizul
 29066 | Shoals:1 | Killed Aizul
 29199 | Shoals:1 | HP: 6/151 [merfolk aquamancer/shard of ice (34)]
 29635 | Shoals:1 | Reached skill level 22 in Long Blades
 30740 | Shoals:2 | Noticed Polyphemus
 30749 | Shoals:2 | Killed Polyphemus
 30750 | Shoals:2 | HP: 5/152 [death yak[Polyphemus] (7)]
 31103 | Shoals:2 | Reached XP level 17. HP: 112/159 MP: 19/25
 31442 | Shoals:2 | Noticed a kraken
 31454 | Shoals:2 | Killed a kraken
 32242 | Shoals:2 | Reached skill level 23 in Long Blades
 34015 | Shoals:4 | Entered Level 4 of the Shoals
 34034 | Shoals:4 | HP: 5/162 [spark wasp (14)]
 34789 | Shoals:4 | Identified the ring "Vuantoy" {rElec Str+6 Dex-4 SInv}
 34858 | Shoals:3 | Reached skill level 24 in Long Blades
 35227 | Shoals:4 | Reached XP level 18. HP: 135/171 MP: 13/26
 35832 | Shoals:4 | Got a barnacled rune of Zot
 36008 | Shoals:4 | Found the +7 Singing Sword {vorpal, sonic wave}
 36566 | Shoals:4 | Identified the +4 shortbow of Extremism {flame, rElec
                  | Str+2}
 36860 | Spider:1 | Entered Level 1 of the Spider Nest
 36866 | Spider:1 | Noticed Donald
 36880 | Spider:1 | Killed Donald
 37733 | Spider:1 | Gained mutation: You are vulnerable to heat. (rF-)
                  | [mutagenic glow]
 38077 | Spider:1 | Found a runed translucent door.
 38088 | Spider:1 | Noticed Zicym's ghost (adept MeFi)
 38236 | Spider:1 | Killed Zicym's ghost
 38237 | Spider:1 | Reached skill level 15 in Shields
 38306 | Spider:2 | Reached skill level 25 in Long Blades
 39048 | Spider:2 | Noticed Arachne
 39062 | Spider:2 | Killed Arachne
 39218 | Spider:2 | Found the +3 robe of Clouds {*Thunder rCloud rElec}
 39816 | Spider:3 | Found a runed translucent door.
 39816 | Spider:3 | Found a shimmering altar of Xom.
 39816 | Spider:3 | Identified the +3 demon trident of Imbalance {chaos,
                  | Will++}
 39816 | Spider:3 | Noticed mhtbhm's ghost (adept GrEE)
 40830 | Spider:3 | Killed mhtbhm's ghost
 40923 | Spider:4 | Entered Level 4 of the Spider Nest
 41114 | Spider:4 | Reached XP level 19. HP: 182/182 MP: 24/27
 41899 | Spider:4 | Reached skill level 26 in Long Blades
 42429 | Spider:4 | Got a gossamer rune of Zot
 43171 | Elf:1    | Entered Level 1 of the Elven Halls
 43321 | Elf:1    | Found Suosh's Book Emporium.
 43321 | Elf:1    | Found Icocryi's Jewellery Boutique.
 43322 | Elf:1    | Found Ocaomu Putt's Book Emporium.
 43335 | Elf:1    | Bought the ring "Xapsaram" {rPois Will+ Int-4 Dex+9} for
                  | 775 gold pieces
 44939 | Elf:2    | Found a transporter.
 44939 | Elf:2    | Found a transporter.
 44939 | Elf:2    | Noticed Waiwil's ghost (adept DsFi)
 44993 | Elf:2    | Paralysed by an air elemental for 1 turns
 45037 | Elf:2    | Found Qeir's Distillery.
 45043 | Elf:2    | Bought a potion of curing for 48 gold pieces
 45043 | Elf:2    | Bought a potion of invisibility for 128 gold pieces
 45043 | Elf:2    | Bought a potion of curing for 48 gold pieces
 45043 | Elf:2    | Bought a potion of curing for 48 gold pieces
 45043 | Elf:2    | Bought a potion of berserk rage for 80 gold pieces
 45353 | Elf:2    | Found a runed translucent gate.
 45354 | Elf:2    | Found a runed translucent gate.
 45354 | Elf:2    | Found a runed translucent gate.
 46040 | Elf:2    | Reached XP level 20. HP: 193/193 MP: 26/28
 46309 | Elf:2    | Reached skill level 27 in Long Blades
 46318 | Elf:2    | Killed Waiwil's ghost
 46339 | Elf:2    | Identified the +3 mace "Yfaethepo" {drain, Will+ Int+2}
 46362 | Elf:3    | Entered Level 3 of the Elven Halls
 46374 | Elf:3    | Identified the +2 ring mail of Makhleb, Hungering {rElec
                  | Int-5 Dex+2 Stlth+}
 46543 | Elf:3    | Reached skill level 15 in Armour
 46558 | Elf:3    | Identified the +9 great sword "Death Rattle" {spect, rC-
                  | rN+ Int+9 Dex-5}
 47171 | Elf:3    | Identified the +3 flail of Sulphur {holy, Dex+5}
 47171 | Elf:3    | Identified the amulet of the Caustic God {Faith rElec rN+
                  | Will+}
 47215 | Elf:3    | Identified the amulet of Departure {Faith MP+9 Dex-2 Slay+3
                  | Stlth+}
 47437 | Elf:3    | Identified the +10 rapier of the Heavens {spect, rC+}
 47471 | Elf:3    | Identified the ring "Fookiz" {rPois rC++ Will+ Str-5 Dex+6}
 47698 | Elf:3    | Acquired 474 gold pieces
 47780 | Elf:3    | Got the Parchment of the Mercurial Jaunt
 47794 | Elf:3    | Got the Volume of Moulding
 47797 | Elf:3    | Got the Incunable of Doomed Evolution
 47799 | Elf:3    | Identified the +5 shortbow "Ytoryehi" {freeze, Fly}
 47804 | Elf:3    | Identified the +2 hat of Fothoumu {rN+ Dex+2}
 48699 | Vaults:1 | Entered Level 1 of the Vaults
 50672 | Vaults:2 | Reached XP level 21. HP: 103/204 MP: 7/29
 50948 | Vaults:2 | Found a staircase to the Crypt.
 50948 | Vaults:2 | Found an ancient bone altar of Kikubaaqudgha.
 50949 | Vaults:2 | Found a basalt altar of Yredelemnul.
 52852 | Vaults:2 | You fall into a shaft and drop 2 floors!
 53282 | Vaults:4 | Noticed Margery
 53297 | Vaults:4 | Killed Margery
 54413 | Vaults:3 | Noticed Boris
 54426 | Vaults:3 | Killed Boris
 54554 | Vaults:3 | Found Goanih's Distillery.
 54562 | Vaults:3 | Bought a potion of might for 56 gold pieces
 54562 | Vaults:3 | Bought a potion of mutation for 112 gold pieces
 54562 | Vaults:3 | Bought a potion of curing for 42 gold pieces
 54562 | Vaults:3 | Bought a potion of invisibility for 112 gold pieces
 54562 | Vaults:3 | Bought a potion of mutation for 112 gold pieces
 54562 | Vaults:3 | Bought a potion of mutation for 112 gold pieces
 54562 | Vaults:3 | Bought a potion of might for 56 gold pieces
 55111 | Vaults:3 | Noticed Mennas
 55122 | Vaults:3 | Killed Mennas
 55211 | Vaults:3 | Noticed Nikola
 55219 | Vaults:3 | Killed Nikola
 55635 | Vaults:3 | Found Dydiceicoi's Assorted Antiques.
 55642 | Vaults:3 | Bought a pair of runed boots for 285 gold pieces
 55770 | Vaults:3 | Found Vuosal's Armour Emporium.
 55988 | Vaults:3 | Found Tunon's Book Shoppe.
 56079 | Abyss:2  | Cast into level 2 of the Abyss (a wizard)
 56105 | Abyss:2  | Found a corrupted altar of Lugonu.
 56108 | Abyss:2  | Found a blossoming altar of Fedhas.
 56111 | Abyss:2  | Found a corrupted altar of Lugonu.
 56118 | Abyss:2  | Reached XP level 22. HP: 88/217 MP: 25/30
 56120 | Vaults:3 | Escaped the Abyss
 57119 | Vaults:5 | Entered Level 5 of the Vaults
 57135 | Vaults:5 | Noticed a golden dragon
 57890 | Vaults:5 | Noticed a golden dragon
 57899 | Vaults:4 | Killed from afar by a frost giant

Illustrated notes

Levels and vault maps discovered:
D:1:      eino_arrival_water_cross, layout_basic
D:2:      layout_basic, solitary_fountain
D:3:      layout_loops_ring, mainiacjoe_overflow_24_doors,
          basic_ecumenical_altar, minmay_misc_feat_rows,
          kennysheep_small_spiral, wander_ebering_terrifying_dragon_lair
D:4:      layout_loops_ring, led_sif_book, mainiacjoe_overflow_chevrons,
          nicolae_ossuary_entry_plus, serial_shops, nicolae_shop_waterfront,
          nicolae_hexahallways, uniq_menkaure
D:5:      layout_basic, kennysheep_slug_shrine, mainiacjoe_overflow_brackets,
          minmay_temple_entry_gardened_gates, grunt_decor_clamped,
          uniq_crazy_yiuf_cottage
D:6:      layout_basic, minmay_overflow_temple_star_hex
D:7:      layout_gridville, grunt_nemelex_the_gamble
D:8:      layout_loops_corners, uniq_joseph
D:9:      layout_loops_ring, zin_angel, trog_book, erik_lair_island,
          orc_0_dummy, hex_medium, grunt_tough_drop
D:10:     layout_basic, mainiacjoe_overflow_surrounded_room,
          gammafunk_temple_overflow_pools, enter_bailey_3,
          hangedman_decor_lopped
D:11:     layout_basic, trove_entry_hex_spiral, doesnt_shop_hydraphobe
D:12:     layout_basic, serial_shops, nicolae_shop_advertising_works
          [nicolae_subvault_shop_adworks], uniq_frances, uniq_gastronok
D:13:     minmay_spotlight, layout_basic, nicolae_wu_jian_immortal_techniques,
          uniq_kirke, uniq_urug, uniq_josephine
D:14:     cheibrodos_orc_bank, layout_cave_pools, david_vaults_1,
          dreamdust_mushroom_princess, portal_ice_cave_entry_pillars_1
D:15:     grunt_enter_depths_snipers, layout_cave_pools, bh_walls_and_bars,
          nicolae_gozag_seed_capital, uniq_louise
Lair:1:   minmay_lair_venomous_thicket, layout_loops_ring, grunt_megastairs_2,
          uniq_erica
Lair:2:   layout_small_grid, elwin_shoals_entry_rocks, dummy_spider_entry,
          gauntlet_entry_generic, grunt_megastairs_4, lemuel_fruit_fields,
          uniq_amaemon
Lair:3:   layout_regular_city, gammafunk_ghost_abyssal_escape, ice2_lemuel,
          grunt_megastairs_3, lemuel_fruit_tree
Lair:4:   layout_layer_cave, slime_entry_1, gammafunk_ghost_hive
Lair:5:   hellmonk_lair_end_abyssal_woods, layout_cave_pods,
          gammafunk_ghost_split, uniq_snorg
Shoals:1: layout_shoals, nicolae_shoals_water_shrine, uniq_roxanne, uniq_aizul
Shoals:2: layout_shoals, nicolae_shoals_enchanted_isle, uniq_polyphemus
Shoals:3: layout_shoals, hangedman_shoal_volcano
Shoals:4: shoals_end_grunt_garden, layout_shoals
Spider:1: layout_spider_delve, ebering_ghost_inner_flame, uniq_donald
Spider:2: layout_spider_delve, uniq_arachne
Spider:3: layout_chambers, ebering_ghost_xom, nicolae_spider_webbed_stairs
Spider:4: grunt_spider_rune_circles, nicolae_spider_webs_and_nodes,
          nicolae_spider_not_touching_you
Orc:1:    layout_caves
Orc:2:    kennysheep_orc_mage_school, layout_diamond_mine, uniq_saint_roka
Elf:1:    eino_elf_arrival_shootout, layout_loops_corners,
          hangedman_elf_disciples, minmay_shop_grove
Elf:2:    nicolae_elf_blades_crystal_corner, layout_geoelf_grid, serial_shops,
          nicolae_shop_trees, gammafunk_ghost_arena, serial_sigils,
          serial_sigils_hangedman_clutch, serial_sigils_hangedman_scratch,
          serial_sigils_hangedman_confine, st_stairs_12
Elf:3:    grunt_elf_hall_spiral, layout_geoelf_grid, minmay_misc_feat_ornament,
          library_closet, nicolae_fountain_basement
Vaults:1: grunt_vaults_bifocal, nicolae_vaults_little_squares_2, v_misc_27,
          v_misc_18, vaults_dpeg_hooks, v_misc_11, vaults_standard_mumra_x,
          layout_vaults_omnigrid
Vaults:2: v_alt_pattern_4, nicolae_vaults_little_squares_2, vaults_dpeg_cross,
          ontoclasm_vaults_twist, minmay_crypt_entry_necro_gods, v_pattern_5,
          ontoclasm_vaults_fault, nicolae_vaults_theta, st_smaller_cells,
          nicolae_vaults_network_periphery, nicolae_vaults_border_crossing,
          layout_vaults_ring
Vaults:3: grunt_vaults_hallway_long, hangedman_vaults_cutoff,
          vaults_standard_mumra_enter_the_diamond,
          nicolae_vaults_big_angled_halls, v_alt_pattern_1,
          hangedman_vaults_hat, nicolae_vaults_network_barrier,
          nicolae_vaults_alarming, layout_vaults_omnibox, serial_shops, shop,
          shop, shop, shop, uniq_mennas, uniq_nikola, uniq_boris
Vaults:4: vaults_room_stairs_pillars, nicolae_vaults_rhombus_6, v_misc_16,
          vaults_standard_mumra_lines, grunt_vaults_diagonal, v_pattern_2,
          v_misc_33, vaults_dpeg_encased_lava, hangedman_vaults_stream,
          v_rooms_2, nicolae_vaults_network_square, vaults_room_door_ring,
          vaults_dpeg_ring, layout_vaults_big_cross, uniq_margery
Vaults:5: serial_shops

Skill      XL: |  1  2  3  4  5  6  7  8  9 10 11 12 13 14 15 16 17 18 19 20 21 22 |
---------------+-------------------------------------------------------------------+-----
Long Blades    | 4 5 6 7 8 10 11 13 15 16 18 19 20 22 24 25 26 27 | 27.0
Fighting       | 4 5 6 7 8 10 11 12 13 14 15 16 17 19 21 22 23 | 23.5
Dodging        | 4 5 6 8 9 10 | 10.6
Armour         | 2 4 6 7 9 10 11 12 13 14 16 18 19 | 19.5
Shields        | 4 6 8 10 12 14 15 16 18 20 21 | 21.1
Invocations    | 4 7 9 11 12 | 12.6
Stealth        | |  1.5

Action                   |  1- 3 |  4- 6 |  7- 9 | 10-12 | 13-15 | 16-18 | 19-21 | 22-24 || total
-------------------------+-------+-------+-------+-------+-------+-------+-------+-------++-------
Melee: Falchion          |    64 |    86 |       |       |       |       |       |       ||   150
       Headbutt          |     7 |    18 |    35 |    53 |   194 |   264 |   310 |    33 ||   914
       Punch             |     1 |     1 |     3 |     3 |       |       |       |       ||     8
       Long sword        |       |    29 |   176 |       |       |       |       |       ||   205
       Double sword      |       |       |    11 |   277 |   722 |  1175 |  1077 |    95 ||  3357
       Unarmed           |       |       |       |    21 |       |       |       |       ||    21
       Triple sword      |       |       |       |       |    67 |       |       |       ||    67
       Kick              |       |       |       |       |     1 |       |       |       ||     1
Throw: Throwing net      |       |       |       |       |     1 |     1 |       |     1 ||     3
Invok: Slouch            |       |       |       |       |     1 |    14 |     1 |       ||    16
       Bend Time         |       |       |       |       |       |     1 |       |       ||     1
       Step From Time    |       |       |       |       |       |     1 |       |       ||     1
Evoke: Wand              |       |     2 |     4 |     2 |     6 |    28 |       |       ||    42
       Condenser vane    |       |       |       |       |       |     1 |       |       ||     1
  Use: Scroll            |       |    12 |    17 |     6 |     5 |     9 |    11 |     1 ||    61
       Potion            |       |     1 |     3 |       |     8 |     9 |    17 |     1 ||    39
 Stab: Sleeping          |     6 |     3 |     2 |     3 |    11 |     4 |    19 |     1 ||    49
       Distracted        |     1 |     1 |     1 |     1 |     4 |     8 |     5 |     3 ||    24
       Invisible         |       |       |       |       |     2 |       |     7 |     1 ||    10
Armor: Robe              |    12 |    24 |     5 |       |       |       |       |       ||    41
       Scale mail        |       |       |    53 |    49 |    36 |       |       |       ||   138
       Ice dragon scales |       |       |       |       |    75 |       |       |       ||    75
       Swamp dragon scal |       |       |       |       |    91 |   298 |   240 |    36 ||   665
Dodge: Dodged            |    42 |   111 |   107 |   218 |   714 |  1585 |  1007 |   141 ||  3925
Block: Kite shield       |       |       |       |    80 |   167 |       |       |       ||   247
       Tower shield      |       |       |       |       |   130 |       |       |       ||   130
       Buckler           |       |       |       |       |   217 |   927 |   815 |   117 ||  2076

Table legend: (Time is in decaauts)
 A = Elapsed time spent in this place.
 B = Non-inter-level travel time spent in this place.
 C = Inter-level travel time spent in this place.
 D = Time resting spent in this place.
 E = Time spent auto-exploring this place.
 F = Levels seen in this place.
 G = Mean time per level.
                   A        B        C        D        E       F      G
               +--------+--------+--------+--------+--------+-----+--------+
         Total |  82784 |  76874 |   5910 |   8490 |  56007 |  43 | 1925.2 |
       Dungeon |  22592 |  20404 |   2188 |    929 |  16531 |  15 | 1506.1 |
          Lair |  13203 |  11837 |   1366 |    923 |   9277 |   5 | 2640.6 |
        Shoals |  10473 |  10165 |    308 |   2345 |   5712 |   4 | 2618.2 |
   Spider Nest |   8690 |   8200 |    490 |   1283 |   5629 |   4 | 2172.5 |
  Orcish Mines |   3548 |   2944 |    604 |    203 |   2192 |   2 | 1774.0 |
   Elven Halls |   8060 |   7526 |    534 |   1120 |   5041 |   3 | 2686.7 |
        Vaults |  13044 |  12627 |    417 |   1502 |   9708 |   5 | 2608.8 |
         Abyss |     55 |     55 |      0 |      0 |     31 |   1 |   55.0 |
       Ossuary |    259 |    259 |      0 |      0 |    157 |   1 |  259.0 |
        Bailey |    126 |    126 |      0 |      0 |     56 |   1 |  126.0 |
      Ice Cave |   1546 |   1546 |      0 |      0 |   1182 |   1 | 1546.0 |
      Gauntlet |   1182 |   1182 |      0 |    185 |    489 |   1 | 1182.0 |
               +--------+--------+--------+--------+--------+-----+--------+

Top non-repeatable levels by time:
Vaults:4: 3814 daAuts
Vaults:2: 3723 daAuts
Spider:3: 3162 daAuts
Shoals:3: 3156 daAuts
  Lair:5: 3130 daAuts
  Lair:4: 2967 daAuts
   Elf:2: 2929 daAuts
  Lair:2: 2925 daAuts
Vaults:3: 2759 daAuts
Vaults:1: 2722 daAuts
   Elf:1: 2691 daAuts
Shoals:1: 2577 daAuts
   Elf:3: 2440 daAuts
Shoals:4: 2420 daAuts
Shoals:2: 2318 daAuts
